 Dungeon Crawl Stone Soup version 0.17.0-28-g6e173f8 (webtiles) character file.

100 M4edhros the Charlatan (level 4, 0/28 HPs)
             Began as an Octopode Artificer on Nov 29, 2015.
             Slain by a water moccasin skeleton (8 damage)
             ... on level 5 of the Dungeon.
             The game lasted 00:02:56 (2604 turns).

M4edhros the Charlatan (Octopode Artificer)         Turns: 2604, Time: 00:02:56

Health: 0/28       AC:  1    Str: 10      XL:     4   Next: 73%
Magic:  7/7        EV:  9    Int: 14 (15) God:
Gold:   108        SH:  6    Dex: 12      Spells: 0 memorised, 3 levels left

rFire  . . .     SeeInvis .     n - +2 whip (drain)
rCold  . . .     Clarity  .     s - +0 shield
rNeg   . . .     SustAt   .     (helmet restricted)
rPois  .         Gourm    .     (no amulet)
rElec  .         Spirit   .     (no ring)
rCorr  .         Warding  .     (no ring)
rMut   .         Stasis   .     (no ring)
MR     .....                    (no ring)
Stlth  ++++......               (no ring)
                                (no ring)
                                (no ring)
                                (no ring)

@: lethally poisoned (0 -> -3), not resistant to hostile enchantments, stealthy
A: almost no armour, amphibious, 8 rings, constrict 8, camouflage 1, gelatinous
body 1
a: no special abilities


You were on level 5 of the Dungeon.
You were very hungry.

You visited 1 branch of the dungeon, and saw 4 of its levels.

You collected 108 gold pieces.

Inventory:

Hand Weapons
 a - a +0 short sword
 n - a +2 whip of draining (weapon)
Armour
 s - a +0 shield (worn)
Wands
 b - a wand of flame (14)
 c - a wand of enslavement (11)
 d - a wand of random effects (13)
 q - a wand of flame (17)
Scrolls
 f - 2 scrolls of blinking
 h - a scroll of amnesia {unknown}
 i - 4 scrolls of identify {unknown}
 j - a scroll of noise {unknown}
 l - a scroll of immolation {unknown}
 m - 2 scrolls of remove curse
 p - a scroll of fear {unknown}
 t - 3 scrolls of magic mapping {unknown}
Potions
 g - a potion of flight
 k - 3 potions of berserk rage
Comestibles
 e - 3 bread rations
 r - a fruit


   Skills:
 - Level 1.0 Fighting
 - Level 1.0 Short Blades
 - Level 2.0 Dodging
 + Level 4.5 Stealth
 + Level 4.7 Evocations


You had 3 spell levels left.
You didn't know any spells.

Dungeon Overview and Level Annotations

Branches:
Dungeon (5/15)
 Temple: D:4-7

Altars:
Elyvilon
Nemelex Xobeh
Trog
Zin

Annotations:
D:3 Statics's ghost, amateur DrBe


Innate Abilities, Weirdness & Mutations

You cannot wear most types of armour.
You are amphibious.
You can wear up to eight rings at the same time.
You can use your tentacles to constrict eight enemies at once.
Your skin changes colour to match your surroundings (Stealth).
Your rubbery body absorbs attacks (AC +1).


Message History

It was a potion of berserk rage.
You're too hungry to go berserk.
You feel sick. The water moccasin skeleton bites you.
* * * LOW HITPOINT WARNING * * *
The adder misses your worker ant.
Your worker ant misses the adder.
You barely miss the water moccasin skeleton.
You grab the water moccasin skeleton.
You squeeze the water moccasin skeleton!
You constrict the water moccasin skeleton.
The adder bites your worker ant.
Your worker ant looks even sicker.
The adder poisons your worker ant!
You block the water moccasin skeleton's attack.
Your worker ant misses the adder.
Unknown command.
Unknown command.
You hit the water moccasin skeleton.
You constrict the water moccasin skeleton.
The adder dies!
The water moccasin skeleton bites you!
You die...

#...........#.<...
#...≈≈≈.....(..>..
#..≈≈≈≈≈.......#
#..≈≈♣≈≈..:..#
#..≈≈≈≈≈...#......
♣...≈≈≈...♣# ...Y.
♣.......♣♣ ....
♣♣...aZ♣♣ ...
♣♣..@♣♣ ..
♣♣.....♣♣ Z
♣♣.......♣♣
♣...≈≈≈.[.♣
♣♣..≈≈≈≈≈..♣
♣...≈≈_≈≈...♣
♣♣..≈≈≈≈≈..♣♣
♣...≈≈≈...♣
♣♣.......♣♣


You could see a water moccasin skeleton and a friendly worker ant (unaware).

Vanquished Creatures
  A crimson imp (D:5)
  2 worms (D:2)
  7 bats
  7 goblins
  4 hobgoblins
  7 jackals
  6 kobolds (D:2)
  3 ball pythons
  3 giant cockroaches
  3 giant geckos
  8 giant newts
  7 rats
58 creatures vanquished.

Vanquished Creatures (collateral kills)
  An adder (D:5)
  A goblin (D:2)
  A giant newt (D:2)
3 creatures vanquished.

Grand Total: 61 creatures vanquished

Notes
Turn   | Place    | Note
--------------------------------------------------------------
     0 | D:1      | M4edhros the Octopode Artificer began the quest for the Orb.
     0 | D:1      | Reached XP level 1. HP: 13/13 MP: 3/3
    99 | D:1      | Reached XP level 2. HP: 13/18 MP: 4/4
  1188 | D:2      | Found a bloodstained altar of Trog.
  1211 | D:2      | Reached XP level 3. HP: 5/23 MP: 5/5
  1354 | D:2      | Found a glowing silver altar of Zin.
  1503 | D:2      | Reached skill level 4 in Evocations
  1798 | D:2      | Found a glowing silver altar of Zin.
  2188 | D:2      | Reached XP level 4. HP: 28/28 MP: 7/7
  2273 | D:3      | Noticed Statics's ghost (amateur DrBe)
  2358 | D:3      | Found a sparkling altar of Nemelex Xobeh.
  2572 | D:3      | You fall through a shaft for 2 floors!
  2572 | D:5      | Entered Level 5 of the Dungeon
  2572 | D:5      | Found a white marble altar of Elyvilon.
  2593 | D:5      | Noticed a sky beast
  2604 | D:5      | Slain by a water moccasin skeleton

Action                   |  1- 3 |  4- 6 || total
-------------------------+-------+-------++-------
Melee: Short sword       |    57 |       ||    57
       Whip              |    48 |    20 ||    68
Evoke: Wand              |     2 |     5 ||     7
  Use: Scroll            |     2 |       ||     2
       Potion            |       |     5 ||     5
 Stab: Sleeping          |    13 |     3 ||    16
  Eat: Chunk             |     2 |       ||     2
       Royal jelly       |       |     1 ||     1
